 Dungeon Crawl Stone Soup version 0.20-a0-1065-g8446734 (webtiles) character file.

90542 mkm the Bludgeoner (level 15, -1/217 HPs)
             Began as a Minotaur Berserker on Apr 28, 2017.
             Was a High Priest of Trog.
             Drowned by a water nymph (13 damage)
             ... on level 1 of the Shoals on Apr 29, 2017.
             The game lasted 01:51:50 (24014 turns).

mkm the Bludgeoner (Minotaur Berserker)            Turns: 24014, Time: 01:51:52

Health: -1/217     AC: 27    Str: 33    XL:     15   Next: 52%
Magic:  14/14      EV: 10    Int:  4    God:    Trog [*****.]
Gold:   2236       SH:  0    Dex: 10    Spells: 14/14 levels left

rFire    + . .     SeeInvis +   v - +9 great mace (holy)
rCold    + . .     Gourm    .   (shield currently unavailable)
rNeg     . . .     Faith    .   b - +5 plate armour
rPois    .         Spirit   .   (helmet restricted)
rElec    .         Reflect  .   (no cloak)
rCorr    .         Harm     .   p - +0 pair of gloves
MR       +....                  g - +0 pair of boots
Stlth    ..........             (no amulet)
Regen    0.5/turn               K - ring of see invisible
MPRegen  0.2/turn               N - ring of protection from fire

@: berserking, engulfed (cannot breathe), heavily drained, quick
A: retaliatory headbutt, horns 2, iridescent scales 1, cold resistance 1,
screaming 1
a: Berserk, Trog's Hand, Brothers in Arms, Burn Spellbooks, Renounce Religion


You were on level 1 of the Shoals.
You worshipped Trog.
Trog was extremely pleased with you.
You were not hungry.

You visited 6 branches of the dungeon, and saw 23 of its levels.

You collected 2236 gold pieces.

Inventory:

Hand Weapons
 h - a +1 whip of flaming
 s - the +0 flail of Waoravvi {venom, Str+3 Int+3 Dex+2 Stlth-}
   (You found it on level 6 of the Dungeon)

   It poisons the flesh of those it strikes.
   It affects your strength (+3).
   It affects your intelligence (+3).
   It affects your dexterity (+2).
   It makes you less stealthy.
 v - a +9 great mace of holy wrath (weapon)
 w - a +0 shortbow
Missiles
 x - 331 arrows (quivered)
Armour
 b - a +5 plate armour (worn)
 g - a +0 pair of boots (worn)
 p - a +0 pair of gloves (worn)
 B - the +5 ring mail "Sasm" {-Tele rElec MR+++ Stlth+}
   (You took it off an orc on level 7 of the Dungeon)

   It insulates you from electricity.
   It affects your resistance to hostile enchantments.
   It prevents most forms of teleportation.
   It makes you more stealthy.
 R - a +0 plate armour of poison resistance
Jewellery
 K - a ring of see invisible (left hand)
 N - a ring of protection from fire (right hand)
Wands
 k - a wand of disintegration (9/24)
 n - a wand of digging (13/24)
 q - a wand of confusion (20/48)
 D - a wand of polymorph (15/24)
 H - a wand of paralysis (11/24)
 J - a wand of polymorph (10/24)
 L - a wand of lightning (6/15)
 P - a wand of iceblast (10/15)
 T - a wand of iceblast (6/15)
 V - a wand of digging (15/24)
 W - a wand of random effects (21/48)
 X - a wand of flame (17/48)
Scrolls
 d - 4 scrolls of identify
 e - 4 scrolls of recharging
 f - 2 scrolls of magic mapping
 t - 8 scrolls of teleportation
 y - 2 scrolls of fear
 z - a scroll of enchant armour
 C - 4 scrolls of blinking
 F - 5 scrolls of remove curse
 Z - a scroll of fog
Potions
 a - 6 potions of haste
 l - 7 potions of flight
 m - a potion of berserk rage
 r - 7 potions of curing
 u - 2 potions of invisibility
 E - 3 potions of agility
 G - a potion of might
 M - a potion of brilliance
 Q - 2 potions of magic
 U - 2 potions of cancellation
 Y - a potion of resistance
Miscellaneous
 S - a fan of gales
Comestibles
 c - 6 bread rations
 i - 5 royal jellies
 j - 7 fruits
 o - 9 meat rations


   Skills:
 + Level 16.3(14.0) Fighting
 + Level 17.8(15.5) Maces & Flails
 + Level 17.3(15.0) Armour
 + Level 5.0(3.3) Dodging
 + Level 3.2(1.6) Stealth
   Level 11.2(9.2) Shields
 + Level 0.5(0.0) Evocations


You had 14 spell levels left.
You didn't know any spells.

Dungeon Overview and Level Annotations

Branches:
Dungeon (13/15)            Temple (1/1) D:7            Lair (6/6) D:9
 Shoals (1/4) Lair:3        Snake (1/4) Lair:4        Slime (0/5) Lair:5
    Orc (1/2) D:12
 Vaults: D:13-14

Altars:
Ashenzari
Trog
Vehumet
Beogh

Annotations:
Lair:4 exclusion: 3 oklob plants
Shoals:1 Josephine


Innate Abilities, Weirdness & Mutations

You reflexively headbutt those who attack you in melee.
You have a pair of horns on your head.
You are partially covered in iridescent scales. (AC +2)
Your flesh is cold resistant. (rC+)
You occasionally shout uncontrollably at your foes.


Message History

You closely miss the water nymph. Your headbutt misses the water nymph.
The water nymph is severely wounded.
* * * LOW HITPOINT WARNING * * *
Your lungs strain for air!
The water elemental closely misses you.
You are too berserk!
Your unstable footing causes you to fumble your attack.
* * * LOW HITPOINT WARNING * * *
Your lungs strain for air!
The water nymph points at you and mumbles some strange words.
The water swirls and strikes you! The water elemental closely misses you.
You are too berserk!
Unknown command.
Your unstable footing causes you to fumble your attack.
* * * LOW HITPOINT WARNING * * *
Your lungs strain for air!
The water elemental hits you. The water nymph touches you.
* * * LOW HITPOINT WARNING * * *
The water nymph drowns you!
You die...

≈≈≈≈≈≈≈≈≈≈≈≈≈≈≈......###...
≈≈≈≈≈≈..≈.≈≈≈≈≈≈†..### ####
≈≈≈≈.......≈≈≈.)≈≈..######
≈≈≈≈≈...........≈≈........#
≈≈≈≈≈≈...#......≈≈.........
≈≈≈≈≈≈...##.)≈≈≈≈≈.....≈...
≈≈≈≈≈......≈)≈≈≈≈≈≈..≈≈≈≈P.
≈≈≈≈>.......≈≈≈≈≈≈....≈≈≈≈P
≈≈≈≈...###@m...≈≈≈≈....≈≈≈≈
≈≈≈≈≈≈. #EE≈...≈≈≈≈≈..≈≈≈≈
≈≈≈≈≈.. ...≈≈≈..≈≈≈≈≈.≈≈≈≈≈
≈≈≈≈≈.. .......≈≈≈≈≈...≈≈≈≈
≈≈≈≈≈≈≈≈≈≈...##≈≈≈≈....≈≈≈≈
≈≈≈≈≈≈≈≈≈≈≈.## .≈......≈≈≈≈
≈≈≈≈≈≈.. .. ...≈≈≈≈
≈≈≈≈..≈≈. ###.≈≈≈ #.≈≈≈


You could see 2 water elementals and a water nymph.

Vanquished Creatures
  A fire dragon (Lair:6)
  2 merfolk impalers (Shoals:1)
  Erolcha (D:10)
  Harold (Lair:4)
  8 hydras
  A centaur warrior (D:13)
  A merfolk avatar (Shoals:1)
  2 two-headed ogres
  4 death yaks (Lair:6)
  2 orc high priests (Orc:1)
  Urug (Lair:2)
  A shock serpent (Snake:1)
  Sonja (D:10)
  5 skeletal warriors (D:12)
  A sea snake (Shoals:1)
  An unseen horror (D:10)
  A swamp dragon (Lair:6)
  A lindwurm (Lair:3)
  A deep elf mage (D:13)
  An ugly thing (D:11)
  A cyclops (Shoals:1)
  2 wolf spiders (Lair:6)
  3 fauns (Shoals:1)
  2 manticores
  18 elephants
  A guardian serpent (Lair:6)
  15 black mambas
  A torpor snail (Lair:6)
  3 gargoyles
  Psyche (D:10)
  24 spiny frogs
  4 rime drakes
  9 komodo dragons
  A tengu conjurer (D:10)
  4 hornets
  A wind drake (Shoals:1)
  4 slime creatures (D:13)
  A polar bear (Lair:5)
  5 trolls
  4 merfolk (Shoals:1)
  Grinder (D:5)
  13 hippogriffs
  A snapping turtle (Shoals:1)
  13 dream sheep
  29 blink frogs
  A meliai zombie (D:11)
  Sigmund (D:5)
  A redback (Lair:6)
  A spriggan (D:13)
  3 water elementals
  9 wyverns
  27 yaks
  5 wraiths (Shoals:1)
  6 basilisks
  A steam dragon (D:8)
  A hungry ghost (D:7)
  4 nagas
  3 acid dragons (Lair:6)
  A soldier ant (D:13)
  25 water moccasins
  11 porcupines
  2 swamp drakes (Lair:6)
  An ice beast (D:6)
  20 orc warriors
  A necrophage (D:10)
  4 sky beasts
  12 ogres
  A phantom (D:8)
  12 wolves
  15 centaurs
  14 crocodiles
  A big kobold (D:13)
  2 wyvern zombies
  A gnoll sergeant (D:12)
  23 bullfrogs
  3 scorpions
  4 wights (D:10)
  5 killer bees (D:11)
  2 vampire bats (Lair:1)
  3 electric eels
  A howler monkey (D:5)
  5 crimson imps
  A bullfrog zombie (D:3)
  A quasit (Lair:1)
  2 jellies
  2 centaur zombies
  5 hounds
  A centaur skeleton (D:9)
  16 orc priests
  4 bullfrog skeletons
  12 orc wizards
  8 iguanas
  9 worker ants
  A killer bee zombie (D:10)
  2 worker ant zombies
  3 gnolls (D:12)
  6 adders
  5 shadow imps
  An ooze (D:1)
  3 adder skeletons
  5 worms
  7 leopard geckos
  57 orcs
  2 ball pythons
  9 bats
  6 giant cockroaches
  9 goblins
  8 hobgoblins
  7 jackals
  10 kobolds
  9 quokkas
  3 frilled lizards
  A jackal skeleton (D:5)
  A quokka skeleton (D:4)
  6 rats
  3 plants
655 creatures vanquished.

Vanquished Creatures (collateral kills)
  Rupert (Lair:6)
  2 death yaks (Lair:6)
  2 elephants (Lair:6)
  A rime drake (Lair:6)
  3 yaks (Lair:6)
  A basilisk (Lair:6)
  An acid dragon (Lair:6)
  An iguana (Lair:6)
12 creatures vanquished.

Vanquished Creatures (others)
  A bush (Lair:6)
  29 fungi
  65 plants
95 creatures vanquished.

Grand Total: 762 creatures vanquished

Notes
Turn   | Place    | Note
-------+----------+-------------------------------------------
     0 | D:1      | mkm the Minotaur Berserker began the quest for the Orb.
     0 | D:1      | Reached XP level 1. HP: 19/19 MP: 0/0
   110 | D:1      | Reached XP level 2. HP: 27/27 MP: 1/1
   313 | D:1      | Gained mutation: You are agile. (Dex +2) [potion of mutation]
   313 | D:1      | Gained mutation: Your flesh is cold resistant. (rC+) [potion of mutation]
   313 | D:1      | Gained mutation: You are partially covered in iridescent scales. (AC +2) [potion of mutation]
   313 | D:1      | Gained mutation: Your flesh is very cold resistant. (rC++) [potion of mutation]
   659 | D:1      | Reached XP level 3. HP: 33/33 MP: 2/2
   672 | D:1      | Reached ** piety under Trog
  1469 | D:3      | Noticed a moth of wrath
  1541 | D:3      | Reached XP level 4. HP: 41/41 MP: 3/3
  1697 | D:3      | Found a bloodstained altar of Trog.
  1755 | D:3      | Reached skill level 5 in Maces & Flails
  1840 | D:3      | Found a bloodstained altar of Trog.
  1913 | D:3      | Reached XP level 5. HP: 47/47 MP: 4/4
  2200 | D:4      | Reached *** piety under Trog
  2301 | D:4      | Reached skill level 5 in Fighting
  2306 | D:4      | Reached XP level 6. HP: 50/56 MP: 5/5
  2420 | D:5      | Entered Level 5 of the Dungeon
  3117 | D:5      | Noticed Sigmund
  3117 | D:5      | Reached XP level 7. HP: 61/61 MP: 6/6
  3174 | D:5      | Killed Sigmund
  3174 | D:5      | Reached skill level 5 in Armour
  3300 | D:5      | Noticed Grinder
  3308 | D:5      | Paralysed by Grinder for 5 turns
  3334 | D:5      | Killed Grinder
  3762 | D:5      | Reached XP level 8. HP: 70/70 MP: 7/7
  4509 | D:6      | Got a bloodstained flail
  4510 | D:6      | Identified the cursed +0 flail of Waoravvi {venom, Str+3 Int+3 Dex+2 Stlth-} (You found it on level 6 of the Dungeon)
  4862 | D:7      | Noticed a hippogriff
  4870 | D:7      | Killed a hippogriff
  4917 | D:7      | Found a staircase to the Ecumenical Temple.
  5026 | D:7      | Reached skill level 10 in Maces & Flails
  5064 | D:7      | Reached skill level 1 in Stealth
  5321 | D:7      | Reached XP level 9. HP: 79/79 MP: 8/8
  5335 | D:7      | Reached **** piety under Trog
  5356 | D:7      | Got a steaming ring mail
  5360 | D:7      | Identified the +5 ring mail "Sasm" {-Tele rElec MR+++ Stlth+} (You took it off an orc on level 7 of the Dungeon)
  5680 | Temple   | Entered the Ecumenical Temple
  6769 | D:9      | Found a radiant altar of Vehumet.
  6846 | D:9      | Reached XP level 10. HP: 88/90 MP: 9/9
  6934 | D:9      | Reached skill level 10 in Armour
  6999 | D:9      | Lost mutation: You are agile. (Dex +2) [mutagenic meat]
  7000 | D:9      | Lost mutation: Your flesh is very cold resistant. (rC++) [mutagenic meat]
  7001 | D:9      | Gained mutation: You occasionally shout uncontrollably at your foes. [mutagenic meat]
  7100 | D:9      | Found a staircase to the Lair.
  7113 | Lair:1   | Entered Level 1 of the Lair of Beasts
  7198 | Lair:1   | Reached ***** piety under Trog
  7247 | Lair:1   | Noticed a black mamba
  7272 | Lair:1   | Killed a black mamba
  7323 | Lair:1   | Noticed a spiny frog
  7327 | Lair:1   | Killed a spiny frog
  7398 | Lair:1   | Noticed a spiny frog
  7404 | Lair:1   | Killed a spiny frog
  7421 | Lair:1   | Noticed a spiny frog
  7431 | Lair:1   | Killed a spiny frog
  7508 | Lair:1   | Noticed a black mamba
  7516 | Lair:1   | Killed a black mamba
  7631 | Lair:1   | Reached skill level 10 in Fighting
  7638 | Lair:1   | Reached XP level 11. HP: 51/99 MP: 10/10
  8007 | Lair:2   | Noticed Urug
  8652 | Lair:2   | Killed Urug
  9501 | Lair:3   | Noticed a seven-headed hydra
  9512 | Lair:3   | Killed a seven-headed hydra
  9618 | Lair:3   | Found a staircase to the Shoals.
 10259 | Lair:3   | Reached skill level 15 in Maces & Flails
 10284 | Lair:3   | Reached XP level 12. HP: 94/111 MP: 11/11
 10731 | Lair:3   | Noticed a four-headed hydra
 10739 | Lair:3   | Killed a four-headed hydra
 10973 | Shoals:1 | Entered Level 1 of the Shoals
 10973 | Shoals:1 | Noticed a merfolk avatar
 11062 | D:10     | Entered Level 10 of the Dungeon
 11320 | D:10     | Noticed Sonja
 11332 | D:10     | Killed Sonja
 11453 | D:10     | Reached skill level 1 in Shields
 11480 | D:10     | Found a shattered altar of Ashenzari.
 12189 | D:10     | Noticed Psyche
 12194 | D:10     | Killed Psyche
 12198 | D:10     | Noticed Erolcha
 12209 | D:10     | Killed Erolcha
 12311 | D:10     | Noticed a two-headed ogre
 12318 | D:10     | Killed a two-headed ogre
 12775 | Lair:4   | Noticed Harold
 12799 | Lair:4   | Killed Harold
 13140 | Lair:4   | Reached XP level 13. HP: 106/119 MP: 12/12
 13222 | Lair:4   | Received a gift from Trog
 13235 | Lair:4   | Found a staircase to the Snake Pit.
 13308 | Snake:1  | Entered Level 1 of the Snake Pit
 14013 | D:11     | Reached skill level 5 in Shields
 14619 | D:12     | Reached skill level 15 in Armour
 14830 | D:12     | Found a staircase to the Orcish Mines.
 16119 | Lair:5   | Found a staircase to the Slime Pits.
 16294 | Lair:5   | Received a gift from Trog
 16350 | Lair:6   | Entered Level 6 of the Lair of Beasts
 16350 | Lair:6   | Noticed Rupert
 17138 | D:13     | Reached XP level 14. HP: 105/132 MP: 13/13
 17817 | D:13     | Found a roughly hewn altar of Beogh.
 18033 | Orc:1    | Entered Level 1 of the Orcish Mines
 18936 | Lair:6   | Killed Rupert
 19078 | Lair:6   | Reached skill level 15 in Fighting
 20005 | Lair:6   | Reached ****** piety under Trog
 20144 | Lair:6   | Received a gift from Trog
 21554 | Lair:6   | Reached skill level 10 in Shields
 21609 | Lair:6   | Reached XP level 15. HP: 120/141 MP: 14/14
 22686 | Lair:6   | Reached skill level 5 in Dodging
 23312 | Shoals:1 | Noticed Josephine
 23319 | Shoals:1 | Received a gift from Trog
 23351 | Shoals:1 | HP: 5/144 [merfolk impaler/trident (9)]
 24014 | Shoals:1 | Drowned by a water nymph

Vault maps used:
D:1:      minmay_arrival_checkered_box
D:2:      first_bread, minmay_pentomino_p2
D:3:      lemuel_crystal_altar, serial_park_tiny_1, tgw_trog
D:4:      st_stairs_3, kennysheep_minor_cross
D:5:      uniq_sigmund, uniq_grinder
D:6:      minmay_fountain_box
D:7:      minmay_temple_entry_poolview
D:9:      lair_entry_dummy, basic_altar
D:10:     nicolae_ashenzari_panopticon, uniq_psyche, uniq_sonja, uniq_erolcha
D:12:     orc_0_dummy
D:13:     special_room, the_bakery, minmay_gold_behind_fungi, kennysheep_boxes
Temple:   kilobyte_greek_temple
Lair:1:   roderic_batcave, serial_bayou_lagoon_a, ldierk_geyser
Lair:2:   infiniplex_staircase_pool, uniq_urug
Lair:3:   cheibrodos_lair_overgrown_chateau, minmay_shoals_entry_centaurs
Lair:4:   guppyfry_snake_entry_garden, hangedman_lair_unloving_vines,
          nicolae_quartered_pool_little, serial_bayou_crossing,
          minmay_lair_oklob_chamber, uniq_harold
Lair:5:   slime_dummy, grunt_megastairs_1
Lair:6:   guppyfry_lair_end_dragon, hangedman_lair_tendril_chambers, uniq_rupert
Shoals:1: uniq_josephine
Snake:1:  serial_shops, nicolae_shop_crystal, uniq_nikola

Skill      XL: |  1  2  3  4  5  6  7  8  9 10 11 12 13 14 15 |
---------------+----------------------------------------------+-----
Maces & Flails | 4 5 6 7 8 10 11 13 15 16 17 | 17.8
Fighting       | 4 5 6 7 8 10 11 12 14 15 16 | 16.3
Armour         | 3 4 6 8 9 10 12 14 15 16 17 | 17.3
Stealth        | 1 2 3 |  3.2
Dodging        | 3 4 5 |  5.0
Shields        | 4 7 10 11 | 11.2
Evocations     | |  0.5

Action                   |  1- 3 |  4- 6 |  7- 9 | 10-12 | 13-15 || total
-------------------------+-------+-------+-------+-------+-------++-------
Melee: Mace              |    52 |       |       |       |       ||    52
       Headbutt          |    15 |    14 |    66 |   164 |   403 ||   662
       Whip              |    62 |   132 |   128 |       |       ||   322
       Flail             |       |       |   140 |   548 |  1223 ||  1911
       Great mace        |       |       |       |       |    45 ||    45
Invok: Berserk           |       |     1 |     2 |     5 |    14 ||    22
       Trog's Hand       |       |       |     2 |     3 |     7 ||    12
       Burn Spellbooks   |       |       |       |     1 |     4 ||     5
       Brothers in Arms  |       |       |       |       |     3 ||     3
Evoke: Wand              |       |       |       |     4 |       ||     4
  Use: Scroll            |     6 |     3 |    13 |    13 |    13 ||    48
       Potion            |     2 |     3 |     3 |    10 |    10 ||    28
 Stab: Paralysed         |       |       |       |     1 |       ||     1
       Distracted        |       |       |       |       |     1 ||     1
  Eat: Chunk             |     2 |     4 |     9 |    19 |    29 ||    63
       Bread ration      |       |     1 |     2 |     1 |     5 ||     9
       Fruit             |       |       |       |     1 |     2 ||     3
       Royal jelly       |       |       |       |     1 |     1 ||     2
Armor: Plate armour      |    77 |    55 |   152 |   351 |   824 ||  1459
Dodge: Dodged            |    47 |    39 |    83 |   210 |   634 ||  1013
Block: Buckler           |       |       |       |    59 |   472 ||   531
